 Dungeon Crawl Stone Soup version 0.31-a0-846-gb3bcc0d938 (webtiles) character file.

Game seed: 6684001110394516952

2 croobank the Sneak (level 1, 0/16 HPs)
             Began as an Octopode Delver on Oct 3, 2023.
             Slain by a centaur (6 damage)
             ... on level 5 of the Dungeon.
             The game lasted 00:00:23 (184 turns).

croobank the Sneak (Octopode Delver)                 Turns: 184, Time: 00:00:24

Health: 0/16       AC:  1    Str: 11    XL:     1   Next: 30%
Magic:  1/1        EV: 13    Int: 12    God:
Gold:   0          SH:  0    Dex: 13    Spells: 0/0 levels left

rFire   . .          .
                       - Unarmed
rCold   . . .        (no shield)
rNeg    . . .        (helmet restricted)
rPois   .            (no amulet)
rElec   .            (no ring)
rCorr   .            (no ring)
SInv    .            (no ring)
Will    .....        (no ring)
Stlth   ++++         (no ring)
HPRegen 0.22/turn    (no ring)
MPRegen 0.07/turn    (no ring)
                     (no ring)

%: no passive effects
@: no status effects
A: almost no armour, amphibious, 8 rings, camouflage 1, gelatinous body 1,
(nimble swimmer 1), tentacles
a: no special abilities


You were on level 5 of the Dungeon.
You visited 1 branch of the dungeon, and saw 2 of its levels.

Inventory:

Wands
 e - a wand of digging (3)
Scrolls
 b - a scroll of revelation
Potions
 c - a potion of heal wounds {unknown}
 d - a potion of haste


   Skills:
 + Level 3.0 Fighting
 + Level 2.0 Dodging
 + Level 6.6 Stealth
 + Level 2.0 Unarmed Combat


You couldn't memorise any spells.
You didn't know any spells.
Your spell library contained the following spells:

 Spells                   Type           Power      Damage    Failure   Level
 Frozen Ramparts          Ice            0%         1d1       69%         3
 Petrify                  Tmut/Erth      0%         N/A       97%         4
 Metabolic Englaciation   Hex/Ice        0%         N/A       100%        5


Dungeon Overview and Level Annotations

Branches:
Dungeon (6/15)
 Temple: D:4-7

Altars:


Innate Abilities, Weirdness & Mutations

You cannot wear most types of armour.
You are amphibious.
You can wear up to eight rings at the same time.
Your skin changes colour to match your surroundings (Stealth+).
Your rubbery body absorbs attacks. (AC +1, EV +1)
((You are camouflaged when in or above water. (Stealth+)))
You have tentacles for arms and can constrict up to eight enemies at once.


Message History

The shadow imp gestures at you. Pain shoots through your body!
* * * LOW HITPOINT WARNING * * *
As you read the scroll of fear, it crumbles to dust.
You assume a fearsome visage.
The shadow imp looks frightened!
The adder looks frightened!
You constrict the adder.
The adder escapes!
You climb upwards.
There is a stone staircase leading down here.
You start resting.
HP restored.
You pick up a book of Sloth and begin reading...
You add the spells Frozen Ramparts, Petrify and Metabolic Englaciation to your library.
Found a scale mail.
You see here a +0 scale mail.
Found a stone staircase leading down.
c - a black potion An orc comes into view.
It is wielding a +0 morningstar.
A centaur comes into view.
The helpless orc fails to defend itself.
You tentacle-slap the orc but do no damage.
Your grab misses the orc. You squeeze the orc, but do no damage.
The centaur shouts!
The orc closely misses you.
You tentacle-slap the orc. Your grab misses the orc.
The orc is moderately wounded.
The orc closely misses you.
You barely miss the orc. You grab the orc. You squeeze the orc.
You kill the orc!
The centaur wields a +0 orcbow.
The centaur shoots an arrow.
The arrow hits you!
Ouch! That really hurt!
As you read the scroll of fog, it dissolves into smoke.
The centaur unwields a +0 orcbow.
The centaur closely misses you. The centaur kicks you.
Things that are here:
a +0 morningstar; a +0 ring mail; an orc corpse You tentacle-slap the centaur but do no damage.
You squeeze the centaur, but do no damage.
The centaur hits you.
You die...

.# #.# .# #.#
.# #.# .# #.#
.#.# #.#
.#.#.# #.#
.#.#.# #§#
.#.#.#
#§######.#
.#.#.#
#§§@c§c...
.#.#.#
##########
##.#.#
...#.######.#
##...........
#.#.######.#
#.#......#
#.#.####.#
#.#.#


You could see a centaur.

Vanquished Creatures
  An orc (D:5)
1 creature vanquished.

Notes
Turn   | Place    | Note
-------+----------+-------------------------------------------
     0 | D:5      | croobank the Octopode Delver began the quest for the Orb.
     0 | D:5      | Reached XP level 1. HP: 16/16 MP: 1/1
   178 | D:5      | Noticed a centaur
   184 | D:5      | Slain by a centaur

Illustrated notes

Levels and vault maps discovered:
D:5:      layout_basic, nicolae_eternal_life
D:6:      layout_loops_ring, minmay_temple_entry_ruins, uniq_maggie,
          uniq_blork_the_orc

Action                     || total
---------------------------++-------
  Melee: Unarmed           ||    11
         Tentacles         ||     4
         Constrict         ||     2
    Use: Scroll            ||     2
   Stab: Sleeping          ||     1
 Armour: Skin              ||     7
  Dodge: Dodged            ||     7

Table legend: (Time is in decaauts)
 A = Elapsed time spent in this place.
 B = Non-inter-level travel time spent in this place.
 C = Inter-level travel time spent in this place.
 D = Time resting spent in this place.
 E = Time spent auto-exploring this place.
 F = Levels seen in this place.
 G = Mean time per level.
                   A        B        C        D        E       F      G
               +--------+--------+--------+--------+--------+-----+--------+
         Total |    183 |    183 |      0 |     61 |    100 |   2 |   91.5 |
       Dungeon |    183 |    183 |      0 |     61 |    100 |   2 |   91.5 |
               +--------+--------+--------+--------+--------+-----+--------+

Top non-repeatable levels by time:
     D:5: 174 daAuts
     D:6: 9 daAuts
